 Dungeon Crawl Stone Soup version 0.31-a0-1612-g4aaf141 (webtiles) character file.

Game seed: 16187966147184704943

532 PublicAnimeNo1 the Ruffian (level 7, 0/59 HPs)
             Began as a Pale Draconian Shapeshifter on Jan 8, 2024.
             Was a Follower of Okawaru.
             Slain by a gnoll sergeant
             ... wielding a +1 spear of freezing
              (4 damage)
             ... on level 5 of the Dungeon.
             The game lasted 00:06:10 (3368 turns).

PublicAnimeNo1 the Ruffian (DrSh)                   Turns: 3368, Time: 00:06:10

Health: 0/59       AC:  6    Str: 18    XL:     7   Next: 3%
Magic:  4/7        EV: 15    Int: 10    God:    Okawaru [*.....]
Gold:   273        SH:  0    Dex: 11    Spells: 6/6 levels left

rFire   . .          .
                       - Unarmed
rCold   . . .        (no shield)
rNeg    . . .        (body armour unavailable)
rPois   .            (helmet currently unavailable)
rElec   .            (cloak currently unavailable)
rCorr   .            (gloves currently unavailable)
SInv    .            (boots currently unavailable)
Will    .....        (no amulet)
Stlth   +++          (no ring)
HPRegen 0.29/turn    (no ring)
MPRegen 0.10/turn

%: no passive effects
@: short of breath, beast-form, heroic, slowed, studying Throwing, very slow
A: beast (slay +2), breathe steam, AC +6, unfitting armour, cold-blooded, steam
resistance
a: Breathe Steam, Begin Untransformation, Renounce Religion, Heroism


You were on level 5 of the Dungeon.
You worshipped Okawaru.
Okawaru was aware of your devotion.
You were a hulking beast.
You visited 1 branch of the dungeon, and saw 5 of its levels.

You collected 273 gold pieces.

Inventory:

Jewellery
 k - a +5 ring of evasion
Talismans
 b - a beast talisman
 c - a flux talisman
Scrolls
 g - a scroll of teleportation
 h - a scroll of blinking {unknown}
 i - 4 scrolls of enchant armour
 n - a scroll of fear {unknown}
 o - 2 scrolls of vulnerability {unknown}
 r - a scroll of poison {unknown}
Potions
 a - 2 potions of lignification
 d - a potion of brilliance
 e - 2 potions of magic {unknown}
 f - 2 potions of attraction
 j - a potion of haste
 l - 2 potions of enlightenment {unknown}
 m - a potion of curing {unknown}
 p - a potion of might {unknown}
 q - 2 potions of berserk rage {unknown}


   Skills:
 + Level 4.1(9.1) Fighting
 - Level 3.6(8.6) Dodging
 + Level 4.7(9.7) Unarmed Combat
 + Level 0.8 Invocations
 + Level 4.5 Shapeshifting


You had 6 spell levels left.
You didn't know any spells.
Your spell library contained the following spells:

 Spells                   Type           Power      Damage    Failure   Level
 Magic Dart               Conj           0%         1d3       36%         1
 Ensorcelled Hibernation  Hex/Ice        0%         N/A       50%         2
 Searing Ray              Conj           0%         2d4       50%         2
 Ozocubu's Armour         Ice            0%         N/A       75%         3
 Passwall                 Erth           0%         N/A       75%         3
 Swiftness                Air            0%         N/A       75%         3
 Fulminant Prism          Conj/Alch      0%         3d5       98%         4
 Metabolic Englaciation   Hex/Ice        0%         N/A       100%        5
 Sculpt Simulacrum        Ice/Alch       Unusable   N/A       N/A         6

Dungeon Overview and Level Annotations

Branches:
Dungeon (5/15)
 Temple: D:4-7

Altars:
Okawaru
Wu Jian

Shops:
D:3 (


Innate Abilities, Weirdness & Mutations

You are a hulking beast.
Your limbs bulge with bestial killing power. (Slay +2)
You can breathe blasts of scalding, opaque steam.
Your pale cyan-grey scales are hard. (AC +6)
You cannot fit into any form of body armour.
You are cold-blooded and may be slowed by cold attacks.
You are immune to the effects of steam.


Message History

The ogre completely misses you.
The gnoll sergeant shouts!
You punch the ogre!
You kill the ogre!
Okawaru accepts your kill.
You hear a shout! x2
Your base Fighting skill increases to level 4!
You have reached level 7!
Your scales start taking on a pale cyan-grey colour.
You learn Fire Magic quicker.
You learn Air Magic quicker.
You learn Evocations quicker.
You can breathe blasts of scalding, opaque steam.
You are now immune to the effects of steam.
Aiming: Breathe Steam (1% risk of failure)
Press: ? - help, Shift-Dir - straight line, f - gnoll sergeant
Aim: a gnoll sergeant, wielding a +1 spear of freezing and wearing a +0 ring mail (79% to hit)
You exhale a blast of scalding steam.
The ball of steam hits the gnoll sergeant!
The gnoll sergeant is moderately wounded.
The gnoll sergeant is engulfed in a cloud of scalding steam.
The gnoll sergeant hits you from afar with a +1 spear of freezing.
* * * LOW HITPOINT WARNING * * *
You feel yourself slow down. The gnoll sergeant freezes you.
* * * LOW HITPOINT WARNING * * *
The gnoll sergeant is engulfed in a cloud of scalding steam.
You feel yourself speed up. The gnoll sergeant barely misses you.
The gnoll sergeant misses you.
You hit the gnoll sergeant.
The gnoll sergeant is almost dead.
The gnoll sergeant barely misses you.
You hit the gnoll sergeant but do no damage.
Your punch misses the gnoll sergeant.
The gnoll sergeant is almost dead.
You hit the gnoll sergeant but do no damage.
The gnoll sergeant is almost dead.
The gnoll sergeant hits you with a +1 spear of freezing!
* * * LOW HITPOINT WARNING * * *
You feel yourself slow down. The gnoll sergeant freezes you.
You die...

##############
#............# #.#
#.....g.####### #)#
#....g.........
#######)####.).##..#######
.....<.)...hg.###..#
#####.#.......# #..#
#...####### #..# ##..#
#..# #..####### #...
#......... ...# ###
##.######## ##.### #..#
.....## #.##


You could see a gnoll sergeant and 2 gnolls.

Vanquished Creatures
  An ogre (D:5)
  A phantom (D:4)
  2 bombardier beetles (D:5)
  A hound (D:5)
  A jelly (D:5)
  An iguana (D:4)
  2 orc wizards (D:5)
  Natasha (D:3)
  6 adders
  3 ribbon worms
  2 dart slugs
  9 orcs
  6 ball pythons
  3 bats
  4 endoplasms
  2 giant cockroaches (D:1)
  7 goblins
  7 hobgoblins
  4 jackals
  12 kobolds
  3 quokkas
  3 frilled lizards (D:3)
  2 rats
83 creatures vanquished.

Notes
Turn   | Place    | Note
-------+----------+-------------------------------------------
     0 | D:1      | PublicAnimeNo1 the Draconian Shapeshifter began the quest
                  | for the Orb.
     0 | D:1      | Reached XP level 1. HP: 16/16 MP: 1/1
    62 | D:1      | Reached XP level 2. HP: 20/23 MP: 2/2
   564 | D:1      | Reached XP level 3. HP: 24/29 MP: 3/3
   673 | D:1      | Found a faded altar of an unknown god.
   804 | D:2      | Found an iron altar of Okawaru.
   861 | D:2      | Became a worshipper of Warmaster Okawaru
  1325 | D:3      | Found Viyroux's Antique Weapon Shop.
  1368 | D:3      | Reached XP level 4. HP: 36/36 MP: 4/4
  1808 | D:3      | Noticed Natasha
  1813 | D:3      | Killed Natasha
  2365 | D:4      | Reached XP level 5. HP: 42/42 MP: 5/5
  2496 | D:4      | Found an ornate altar of the Wu Jian Council.
  2856 | D:4      | Noticed a phantom
  2866 | D:4      | Killed a phantom
  3061 | D:5      | Entered Level 5 of the Dungeon
  3071 | D:4      | Reached XP level 6. HP: 32/51 MP: 6/6
  3256 | D:5      | Reached * piety under Okawaru
  3362 | D:5      | Your scales start taking on a pale cyan-grey colour.
  3362 | D:5      | Reached XP level 7. HP: 22/59 MP: 4/7
  3362 | D:5      | Gained mutation: You are immune to the effects of steam.
                  | [Pale Draconian growth]
  3368 | D:5      | Slain by a gnoll sergeant

Illustrated notes

Levels and vault maps discovered:
D:1:      wander_arrival_peaceful_grave, layout_loops_cross,
          ebering_ecumenical_altar_box, serial_park_tiny_pond, nicolae_wormholes
D:2:      layout_basic, basic_altar
D:3:      layout_basic, serial_shops, shop, amcnicky_mini_rare_corridor_liquid,
          uniq_natasha
D:4:      layout_basic, mainiacjoe_overflow_paths
D:5:      minmay_inner_zag, layout_loops_ring, hangedman_decor_opposing

Skill      XL: |  1  2  3  4  5  6 |
---------------+-------------------+-----
Dodging        | 2 3 |  3.6
Fighting       | 2 3 4 |  4.1
Unarmed Combat | 4 |  4.7
Shapeshifting  | 4 |  4.5
Invocations    | |  0.8

Action                     |  1- 3 |  4- 6 |  7- 9 || total
---------------------------+-------+-------+-------++-------
  Melee: Unarmed           |    89 |   143 |     3 ||   235
         Tailslap          |    12 |    17 |       ||    29
         Punch             |     2 |     2 |       ||     4
 Invoke: Heroism           |       |     2 |       ||     2
Ability: Breathe Steam     |       |       |     1 ||     1
    Use: Scroll            |       |     5 |       ||     5
 Armour: Skin              |    32 |    68 |     2 ||   102
  Dodge: Dodged            |    35 |    51 |     3 ||    89

Table legend: (Time is in decaauts)
 A = Elapsed time spent in this place.
 B = Non-inter-level travel time spent in this place.
 C = Inter-level travel time spent in this place.
 D = Time resting spent in this place.
 E = Time spent auto-exploring this place.
 F = Levels seen in this place.
 G = Mean time per level.
                   A        B        C        D        E       F      G
               +--------+--------+--------+--------+--------+-----+--------+
         Total |   3351 |   3225 |    126 |      8 |   2573 |   5 |  670.2 |
       Dungeon |   3351 |   3225 |    126 |      8 |   2573 |   5 |  670.2 |
               +--------+--------+--------+--------+--------+-----+--------+

Top non-repeatable levels by time:
     D:4: 1162 daAuts
     D:1: 761 daAuts
     D:3: 669 daAuts
     D:2: 503 daAuts
     D:5: 254 daAuts
